 Dungeon Crawl Stone Soup version 0.20-a0-369-g71b9d6e (webtiles) character file.

188 AlphabetPasta the Charlatan (level 5, -1/39 HPs)
             Began as a Vine Stalker Artificer on Dec 27, 2016.
             Was an Initiate of Ashenzari.
             Slain by a gnoll (4 damage)
             ... on level 3 of the Dungeon.
             The game lasted 00:12:40 (2134 turns).

AlphabetPasta the Charlatan (VSAr)                  Turns: 2134, Time: 00:12:40

Health: -1/39      AC: 22    Str: 15    XL:     5   Next: 67%
Magic:  0/9        EV:  2    Int: 11    God:    Ashenzari [......]
Gold:   163        SH:  4    Dex: 15    Spells: 4/4 levels left

rFire  . . .     SeeInvis .     u - +2 dagger (venom)
rCold  . . .     Gourm    .     (armour currently unavailable)
rNeg   + + +     Faith    .     (no shield)
rPois  +         Spirit   +     (helmet currently unavailable)
rElec  .         Reflect  +     (cloak currently unavailable)
rCorr  .         Harm     .     (gloves currently unavailable)
MR     +....     NoTele   +     (boots currently unavailable)
Stlth  ++........               j - +4 amulet of reflection
                                (no ring)
                                m - ring of protection from magic

@: tree-form
A: (fangs 0), regeneration 1, magic shield, (antimagic bite), no potion heal 3,
rot immunity
a: Curse Item, Renounce Religion


You were on level 3 of the Dungeon.
You worshipped Ashenzari.
Ashenzari was noncommittal.
You were not hungry.
You were a tree.
You visited 1 branch of the dungeon, and saw 3 of its levels.

You collected 163 gold pieces.

Inventory:

Hand Weapons
 a - a +1 short sword
 r - a +0 rapier
 u - a +2 dagger of venom (weapon)
Missiles
 n - 3 javelins
 w - 7 tomahawks (quivered)
Armour
 b - a +1 leather armour
 l - a +0 robe (melded)
Jewellery
 j - a +4 amulet of reflection (around neck)
 m - a ring of protection from magic (left branch)
Wands
 c - a wand of flame (35/48)
 d - a wand of enslavement (15/24)
 e - a wand of random effects (15/48)
Scrolls
 o - a scroll of enchant armour
 t - a scroll of remove curse
Potions
 g - a potion of curing
 p - a potion of flight
 q - a potion of might
 s - 2 potions of heal wounds
 z - a potion of beneficial mutation {unknown}
 A - a potion of degeneration {unknown}
Comestibles
 f - 2 bread rations
 i - 9 chunks of flesh
 k - 2 beef jerkies


   Skills:
 + Level 1.9 Fighting
 * Level 2.0 Short Blades
 + Level 2.2 Dodging
 + Level 3.2 Stealth
 * Level 4.0 Evocations


You had 4 spell levels left.
You didn't know any spells.

Dungeon Overview and Level Annotations

Branches:
Dungeon (3/15)

Altars:
Ashenzari
Hepliaklqana
Vehumet

Annotations:
D:3 ultrashaft's ghost, amateur DEFE


Innate Abilities, Weirdness & Mutations

((You have extremely sharp teeth.))
Your natural rate of healing is unusually fast.
When hurt, damage is shared between your health and your magic reserves.
((Your bite disrupts and absorbs the magic of your enemies.))
Potions cannot restore your health.
You are immune to rotting.


Message History

s - 2 potions of heal wounds Ultrashaft's ghost hits you.
The gnoll barely misses you. x2
As you read the scroll of identify, it crumbles to dust.
q - a potion of might Ultrashaft's ghost completely misses you.
The gnoll hits you with a flail.
* * * LOW HITPOINT WARNING * * *
The gnoll hits you.
* * * LOW HITPOINT WARNING * * *
Okay, then.
It was a potion of lignification.
You turn into a tree.
Your +0 robe melds into your body.
Your roots penetrate the ground.
You block ultrashaft's ghost's attack. The gnoll hits you but does no damage.
You hit the gnoll.
The gnoll is poisoned.
The gnoll is lightly wounded.
The gnoll hits you with a flail.
* * * LOW HITPOINT WARNING * * *
Ultrashaft's ghost hits you but does no damage.
You barely miss the gnoll. The gnoll hits you.
You die...

#####
#...#######
#.....g...#
#..######.# #".#
∩ #.## #.$##
##Wg# #...#
#♣gg# #..##
##g.# #..# #..#
#..# #..# #..##
#..#
#########...#
...#
.....g....#.+
...#
..##............
.##
................


You could see ultrashaft's ghost, 3 gnolls and a goblin.

Vanquished Creatures
  An ogre (D:3)
  Ijyb (D:2)
  2 adders (D:2)
  2 oozes (D:1)
  A worm (D:2)
  A dart slug (D:2)
  A ball python (D:1)
  12 bats
  8 goblins
  5 hobgoblins
  7 jackals
  A quokka (D:3)
  2 frilled lizards
  2 kobolds
  6 rats
52 creatures vanquished.

Vanquished Creatures (others)
  An adder (D:2)
1 creature vanquished.

Grand Total: 53 creatures vanquished

Notes
Turn   | Place    | Note
-------+----------+-------------------------------------------
     0 | D:1      | AlphabetPasta the Vine Stalker Artificer began the quest for the Orb.
     0 | D:1      | Reached XP level 1. HP: 9/9 MP: 3/3
    40 | D:1      | Reached skill level 1 in Fighting
    80 | D:1      | Reached skill level 1 in Short Blades
    92 | D:1      | Reached XP level 2. HP: 8/14 MP: 5/5
   235 | D:1      | Reached skill level 3 in Evocations
   305 | D:1      | Reached XP level 3. HP: 16/18 MP: 6/6
  1472 | D:2      | Gained mutation: Your natural rate of healing is unusually fast. [Vine Stalker growth]
  1472 | D:2      | Reached XP level 4. HP: 18/22 MP: 4/7
  1526 | D:2      | Found a radiant altar of Vehumet.
  1533 | D:2      | Found a shattered altar of Ashenzari.
  1538 | D:2      | Found a hazy altar of Hepliaklqana.
  1544 | D:2      | Became a worshipper of Ashenzari the Shackled
  1616 | D:2      | Noticed Ijyb
  1629 | D:2      | Killed Ijyb
  2038 | D:3      | Noticed an ogre
  2060 | D:3      | Killed an ogre
  2060 | D:3      | Reached skill level 4 in Evocations
  2060 | D:3      | Reached XP level 5. HP: 26/26 MP: 6/9
  2097 | D:3      | Noticed ultrashaft's ghost (amateur DEFE)
  2134 | D:3      | Slain by a gnoll

Vault maps used:
D:1:      lightli_arrival_lavapool, minmay_misc_feat_columns, minivault_26,
          moated_statue, roderic_roman_lattice
D:2:      grunt_temple_overflow_diamond, lemuel_another_geyser, uniq_iyjb
D:3:      kennysheep_six_static_rooms, nemelex_xobeh_ov_fountains_minmay,
          nicolae_overflow_hidden_temple, gup_sewer_entry_bowl

Skill      XL: |  1  2  3  4 |
---------------+-------------+-----
Fighting       | 1 |  1.9
Short Blades   | 1 2 |  2.0
Evocations     | 3 4 |  4.0
Stealth        | 2 3 |  3.2
Dodging        | 2 |  2.2

Action                   |  1- 3 |  4- 6 || total
-------------------------+-------+-------++-------
Melee: Short sword       |    60 |       ||    60
       Bite              |    13 |     7 ||    20
       Dagger            |     9 |    43 ||    52
       Rapier            |     2 |       ||     2
Throw: Tomahawk          |    39 |     6 ||    45
       Javelin           |     3 |       ||     3
Evoke: Wand              |     1 |     4 ||     5
  Use: Scroll            |     5 |     7 ||    12
       Potion            |       |     2 ||     2
 Stab: Sleeping          |     4 |     1 ||     5
  Eat: Chunk             |     2 |     2 ||     4
Armor: Leather armour    |    18 |       ||    18
       Robe              |     5 |     9 ||    14
       Skin              |       |     2 ||     2
Dodge: Dodged            |    45 |    38 ||    83
Block: Other             |       |     4 ||     4
